 Dungeon Crawl Stone Soup version 0.16.0-12-g7215832 (webtiles) character file.

68 HungrySpirit the Sneak (level 4, -7/23 HPs)
             Began as a Vine Stalker Assassin on Mar 18, 2015.
             Mangled by a gnoll
             ... wielding a +0 spear
              (8 damage)
             ... on level 3 of the Dungeon.
             The game lasted 00:02:42 (1286 turns).

HungrySpirit the Sneak (Vine Stalker Assassin)      Turns: 1286, Time: 00:02:42

Health: -7/23      AC:  4    Str: 13    XL:     4   Next: 19%
Magic:  0/5        EV: 11    Int: 11    God:
Gold:   79         SH:  0    Dex: 17    Spells: 0 memorised, 3 levels left

rFire  . . .     SeeInvis .     a - +2 dagger
rCold  . . .     Clarity  .     w - +0 leather armour
rNeg   . . .     SustAb   .     (no shield)
rPois  .         Gourm    .     (no helmet)
rElec  .         Spirit   +     d - +0 cloak
rCorr  .         Warding  .     (no gloves)
rMut   .         Stasis   .     (no boots)
MR     .....                    (no amulet)
Stlth  +++.......               (no ring)
                                (no ring)

@: not resistant to hostile enchantments, fairly stealthy
A: fangs 2, regeneration 1, magic shield, antimagic bite, no device heal 3, rot
immunity
a: no special abilities


You were on level 3 of the Dungeon.
You were not hungry.

You visited 1 branch of the dungeon, and saw 3 of its levels.

You collected 79 gold pieces.

Inventory:

Hand weapons
 a - a +2 dagger (weapon)
 b - a +0 blowgun
Missiles
 e - 8 poisoned needles
 f - 2 curare-tipped needles
Armour
 d - a +0 cloak (worn)
 w - a +0 leather armour (worn)
Scrolls
 k - 2 scrolls of blinking {unknown}
 l - 3 scrolls of noise {unknown}
 p - a scroll of fear {unknown}
 s - a scroll of teleportation {unknown}
 t - a scroll of enchant weapon {unknown}
 u - a scroll of amnesia {unknown}
 v - a scroll of recharging {unknown}
Potions
 h - a potion of agility {unknown}
 j - a potion of might {unknown}
 m - a potion of curing {unknown}
 q - 2 potions of brilliance {unknown}
 r - a potion of ambrosia {unknown}
Comestibles
 g - 3 bread rations
 i - 3 fruits
 n - a beef jerky
 o - 3 meat rations


   Skills:
 - Level 1.7 Fighting
 * Level 3.2 Short Blades
 - Level 1.7 Throwing
 - Level 0.7 Dodging
 + Level 5.8 Stealth


You had 3 spell levels left.
You didn't know any spells.

Dungeon Overview and Level Annotations

Branches:
Dungeon (3/15)

Altars:
Yredelemnul


Innate Abilities, Weirdness & Mutations

You have extremely sharp teeth.
Your natural rate of healing is unusually fast.
When hurt, damage is shared between your health and your magic reserves.
Your bite disrupts and absorbs the magic of your enemies.
Potions and wands cannot restore your health.
You are immune to rotting.


Message History

The gnoll hits you with a spear!
* * * LOW HITPOINT WARNING * * *
The gnoll misses you.
You are too injured to fight recklessly!
The gnoll hits you from afar with a spear.
* * * LOW HITPOINT WARNING * * *
You see here a rat corpse.
The gnoll throws a throwing net.
The throwing net hits you.
You become entangled in the net!
You see here a throwing net.
You struggle against the net.
You try to slip out of the net.
The gnoll hits you from afar with a spear.
* * * LOW HITPOINT WARNING * * *
You try to slip out of the net.
The gnoll hits you from afar with a spear.
* * * LOW HITPOINT WARNING * * *
You slip out of the net!
The gnoll hits you from afar with a spear!
You die...

... ..###. #.# ...#.
#.# #...
#####.###..#
#....w....)# #.# #g#
#.# #.# #g# #.# ####
#.# #†# #.# .(.. #.#
#@###.###..#####
#.###.†...(.†.......
#.
#.†..<....##########
#..####.#########
##>....(..######
........(......#
##.##.#...####.#
#..#...###.###
#.##...(.......


You could see a worm and 2 gnolls.

Vanquished Creatures
  An adder (D:2)
  2 gnolls (D:3)
  A giant gecko (D:2)
  2 oozes (D:1)
  A ball python (D:1)
  5 goblins
  7 hobgoblins
  6 kobolds
  4 bats
  A giant newt (D:1)
  4 rats
34 creatures vanquished.

Notes
Turn   | Place    | Note
--------------------------------------------------------------
     0 | D:1      | HungrySpirit, the Vine Stalker Assassin, began the quest for the Orb.
     0 | D:1      | Reached XP level 1. HP: 11/11 MP: 1/1
    42 | D:1      | Reached skill level 5 in Stealth
   109 | D:1      | Reached XP level 2. HP: 15/15 MP: 3/3
   683 | D:2      | Reached XP level 3. HP: 18/18 MP: 4/4
   823 | D:2      | Found a basalt altar of Yredelemnul.
  1270 | D:3      | Reached XP level 4. HP: 19/23 MP: 5/5
  1285 | D:3      | HP: 1/23 [gnoll/spear (1)]
  1286 | D:3      | Mangled by a gnoll

Action                   |  1- 3 |  4- 6 || total
-------------------------+-------+-------++-------
Melee: Dagger            |    62 |     8 ||    70
 Stab: Sleeping          |     8 |       ||     8
  Eat: Fruit             |     1 |       ||     1
